 Dungeon Crawl Stone Soup version 0.20.1-1-g8b1a95d (webtiles) character file.

120 empire the Slasher (level 4, 0/39 HPs)
             Began as a Minotaur Fighter on July 27, 2017.
             Slain by an orc wizard
             ... wielding a +0 dagger
              (3 damage)
             ... on level 3 of the Dungeon.
             The game lasted 00:02:50 (1783 turns).

empire the Slasher (Minotaur Fighter)               Turns: 1783, Time: 00:02:51

Health: 0/39       AC:  6    Str: 27    XL:     4   Next: 75%
Magic:  3/3        EV:  8    Int:  5    God:
Gold:   60         SH:  0    Dex:  9    Spells: 3/3 levels left

rFire    . . .     SeeInvis .   a - +0 long sword
rCold    . . .     Gourm    .   c - +0 shield
rNeg     . . .     Faith    .   b - +0 scale mail
rPois    .         Spirit   .   (helmet restricted)
rElec    .         Reflect  .   (no cloak)
rCorr    .         Harm     .   (no gloves)
MR       .....                  (no boots)
Stlth    ..........             (no amulet)
Regen    0.2/turn               (no ring)
MPRegen  0.1/turn               (no ring)

@: confused, mighty
A: retaliatory headbutt, horns 2
a: no special abilities


You were on level 3 of the Dungeon.
You were not hungry.

You visited 1 branch of the dungeon, and saw 3 of its levels.

You collected 60 gold pieces.

Inventory:

Hand Weapons
 a - a +0 long sword (weapon)
Armour
 b - a +0 scale mail (worn)
 c - a +0 shield (worn)
Scrolls
 e - 6 scrolls of identify {unknown}
 g - 3 scrolls of recharging {unknown}
 h - 6 scrolls of remove curse {unknown}
Potions
 d - a potion of might
 i - a potion of heal wounds {unknown}
 k - 2 potions of lignification {unknown}
 l - a potion of curing {unknown}
 m - a potion of brilliance {unknown}
 n - a potion of invisibility {unknown}
Comestibles
 f - a bread ration
 j - a meat ration
 o - a royal jelly


   Skills:
 - Level 3.6 Fighting
 + Level 5.9 Long Blades
 - Level 3.6 Armour
 - Level 1.0 Dodging
 - Level 3.6 Shields


You had 3 spell levels left.
You didn't know any spells.

Dungeon Overview and Level Annotations

Branches:
Dungeon (3/15)

Altars:
Hepliaklqana
Okawaru
Uskayaw


Innate Abilities, Weirdness & Mutations

You reflexively headbutt those who attack you in melee.
You have a pair of horns on your head.


Message History

You slash the worm!
You kill the worm!
You hear some strange, mumbled words.
A puff of flame appears from out of thin air!
The puff of flame hits you!
* * * LOW HITPOINT WARNING * * *
Something hits you.
* * * LOW HITPOINT WARNING * * *
You feel very mighty all of a sudden.
You hear some strange, mumbled words.
You are confused.
You barely miss something. Your headbutt misses something.
Something hits you but does no damage. Something hits you.
* * * LOW HITPOINT WARNING * * *
There is a stone staircase leading up here.
You see here a worm corpse.
Something hits you but does no damage.
You closely miss something. Something hits you.
You die...

...)...# ####.## .
...).[.######...... .
........(.....##.#####.#
.[....<..............#.# .
.......###.............#..
.......# ##...............
.......# #...............
.......# #.....{<).......
......## #.....@))....#..
.....## #########.#.....
##### .# .... >. ... ...
.. .... . ..... ....##


There were no monsters in sight!

Vanquished Creatures
  Terence (D:2)
  Robin (D:2)
  An adder (D:2)
  A worm (D:3)
  2 dart slugs
  2 leopard geckos (D:2)
  6 orcs (D:3)
  19 goblins
  5 hobgoblins (D:2)
  2 jackals (D:2)
  4 kobolds
  2 quokkas (D:2)
  4 bats
  2 frilled lizards (D:2)
  5 rats
57 creatures vanquished.

Notes
Turn   | Place    | Note
-------+----------+-------------------------------------------
     0 | D:1      | empire the Minotaur Fighter began the quest for the Orb.
     0 | D:1      | Reached XP level 1. HP: 19/19 MP: 0/0
   131 | D:1      | Reached skill level 1 in Dodging
   270 | D:1      | Reached XP level 2. HP: 26/26 MP: 1/1
   271 | D:1      | Reached skill level 3 in Long Blades
   656 | D:2      | Found an iron altar of Okawaru.
   722 | D:2      | Found a hazy altar of Hepliaklqana.
   765 | D:2      | Noticed Terence
   775 | D:2      | Killed Terence
   775 | D:2      | Reached skill level 4 in Long Blades
   775 | D:2      | Reached XP level 3. HP: 17/31 MP: 2/2
   941 | D:2      | Noticed Robin
   979 | D:2      | Killed Robin
   979 | D:2      | Reached skill level 5 in Long Blades
   979 | D:2      | Reached XP level 4. HP: 24/39 MP: 3/3
  1323 | D:2      | Found a hide-covered altar of Uskayaw.
  1783 | D:3      | Slain by an orc wizard

Skill      XL: |  1  2  3 |
---------------+----------+-----
Dodging        | 1 |  1.0
Long Blades    | 4 5 |  5.9
Fighting       | |  3.6
Armour         | |  3.6
Shields        | |  3.6

Action                   |  1- 3 |  4- 6 || total
-------------------------+-------+-------++-------
Melee: Long sword        |    80 |    52 ||   132
       Headbutt          |     9 |    11 ||    20
  Use: Potion            |       |     1 ||     1
  Eat: Chunk             |       |     3 ||     3
Armor: Scale mail        |    25 |    15 ||    40
Dodge: Dodged            |    17 |     9 ||    26
Block: Shield            |    45 |    26 ||    71
       Rpst.: Long sword |     2 |     1 ||     3
